| TOP OF THE 1ST |
|
Punta Cana Cocos batting - Pitching for Mazatlan Playas : RHP Chris Whitt
|
|
Pitching: RHP Chris Whitt
|
|
|
Batting: LHB Dan Murphy
|
0-0: Called Strike 0-1: Foul Ball, location: 2F 0-2: Ball 1-2: Ball 2-2: Foul Ball, location: 2F 2-2: Strikes out looking
|
|
Batting: RHB Tom Tostenson
|
0-0: Ball 1-0: Called Strike 1-1: Ball 2-1: Foul Ball, location: 2F 2-2: Foul Ball, location: 2F 2-2: Ball 3-2: Fly out, F5 (Line Drive, 5, EV 65.6 MPH)
|
|
Batting: RHB Randy Lavigne
|
0-0: Ball 1-0: Ball 2-0: Swinging Strike 2-1: Ball 3-1: Foul Ball, location: 2F 3-2: Strikes out swinging
|
| Top of the 1st over - 0 runs, 0 hits, 0 errors, 0 left on base; Punta Cana 0 - Mazatlan 0 |
| BOTTOM OF THE 1ST |
|
Mazatlan Playas batting - Pitching for Punta Cana Cocos : LHP Bryan Hardy
|
|
Pitching: LHP Bryan Hardy
|
|
|
Batting: LHB Dan Rohn
|
0-0: Called Strike 0-1: Foul Ball, location: 2F 0-2: Ball 1-2: Ball 2-2: Ball 3-2: Strikes out swinging
|
|
Batting: LHB Brent Hillenga
|
0-0: Ball 1-0: Ground out 6-3 (Groundball, 6, EV 84.4 MPH)
|
|
Batting: SHB Tony Fernandez
|
0-0: Called Strike 0-1: Ball 1-1: Foul Ball, location: 2F 1-2: Ball 2-2: Foul Ball, location: 2F 2-2: Strikes out swinging
|
| Bottom of the 1st over - 0 runs, 0 hits, 0 errors, 0 left on base; Punta Cana 0 - Mazatlan 0 |
| TOP OF THE 2ND |
|
Punta Cana Cocos batting - Pitching for Mazatlan Playas : RHP Chris Whitt
|
|
Batting: LHB Mark Salas
|
0-0: Ball 1-0: Foul Ball, location: 2F 1-1: Foul Ball, location: 2F 1-2: Fly out, F7 (Line Drive, 7D, EV 97.5 MPH)
|
|
Batting: RHB Kevin Jacobson
|
0-0: Called Strike 0-1: Ball 1-1: Called Strike 1-2: Foul Ball, location: 2F 1-2: Fly out, F4 (Line Drive, 4, EV 71.9 MPH)
|
|
Batting: LHB Dan Williams
|
0-0: Called Strike 0-1: Ball 1-1: Called Strike 1-2: Foul Ball, location: 2F 1-2: Strikes out looking
|
| Top of the 2nd over - 0 runs, 0 hits, 0 errors, 0 left on base; Punta Cana 0 - Mazatlan 0 |
| BOTTOM OF THE 2ND |
|
Mazatlan Playas batting - Pitching for Punta Cana Cocos : LHP Bryan Hardy
|
|
Batting: RHB Robert Potts
|
0-0: Ball 1-0: Called Strike 1-1: Called Strike 1-2: SOLO HOME RUN (Line Drive, 7D, EV 105.6 MPH), Distance : 393 ft
|
|
Batting: LHB Matt Winters
|
0-0: Swinging Strike 0-1: Fly out, F8 (Flyball, 8RM, EV 91.3 MPH)
|
|
Batting: RHB John Freitas
|
0-0: Ground out 6-3 (Groundball, 6, EV 100.6 MPH)
|
|
Batting: RHB Talmadge Tanks
|
0-0: Foul Ball, location: 2F 0-1: Ball 1-1: Foul Ball, location: 2F 1-2: Foul Ball, location: 2F 1-2: Foul Ball, location: 2F 1-2: Foul Ball, location: 2F 1-2: Ground out 6-3 (Groundball, 6, EV 76.9 MPH)
|
| Bottom of the 2nd over - 1 run, 1 hit, 0 errors, 0 left on base; Punta Cana 0 - Mazatlan 1 |
| TOP OF THE 3RD |
|
Punta Cana Cocos batting - Pitching for Mazatlan Playas : RHP Chris Whitt
|
|
Batting: RHB Jose Flores
|
0-0: Ball 1-0: Ball 2-0: Foul Ball, location: 2F 2-1: Ball 3-1: Base on Balls
|
|
Batting: RHB Andreas Schardt
|
0-0: Ball 1-0: Called Strike 1-1: Swinging Strike 1-2: Strikes out swinging
|
|
Batting: RHB Douglas Stokke
|
0-0: Foul Ball, location: 2F 0-1: Ball 1-1: Ground out 3-1 (Groundball, 34S, EV 69.4 MPH) Jose Flores to second
|
|
Batting: LHB Dan Murphy
|
0-0: SINGLE (Line Drive, 8RS, EV 103.1 MPH) Jose Flores to third Runner from 3rd tries for Home, SAFE, throw by CF to home
|
|
Batting: RHB Tom Tostenson
|
0-0: Ground out 5-3 (Groundball, 5, EV 78.1 MPH)
|
| Top of the 3rd over - 1 run, 1 hit, 0 errors, 1 left on base; Punta Cana 1 - Mazatlan 1 |
| BOTTOM OF THE 3RD |
|
Mazatlan Playas batting - Pitching for Punta Cana Cocos : LHP Bryan Hardy
|
|
Batting: RHB John Lickert
|
0-0: Called Strike 0-1: Foul Ball, location: 2F 0-2: Foul Ball, location: 2F 0-2: SINGLE (Groundball, 34D, EV 103.1 MPH)
|
|
Batting: RHB Terrence Nocera
|
0-0: Ball 1-0: Ball 2-0: Ball 3-0: Base on Balls John Lickert to second
|
|
Batting: LHB Dan Rohn
|
0-0: Ball 1-0: Foul Ball, location: 2F 1-1: Foul Ball, location: 2F 1-2: Ball 2-2: Fly out, F7 (Flyball, 7, EV 97.5 MPH)
|
|
Batting: LHB Brent Hillenga
|
0-0: Ball 1-0: Swinging Strike 1-1: Called Strike 1-2: Ball 2-2: Foul Ball, location: 2F 2-2: Hit by Pitch John Lickert to third Terrence Nocera to second
|
|
Batting: SHB Tony Fernandez
|
0-0: Ball 1-0: Fly out, F8 (Flyball, 78M, EV 78.8 MPH) Runner from 3rd tags up, SCORES, throw by CF Terrence Nocera to third
|
|
Batting: RHB Robert Potts
|
0-0: Ball 1-0: Foul Ball, location: 2F 1-1: Foul Ball, location: 2F 1-2: Fielders Choice at 2nd, 5-4 (Groundball, 56, EV 99.4 MPH)
|
| Bottom of the 3rd over - 1 run, 1 hit, 0 errors, 2 left on base; Punta Cana 1 - Mazatlan 2 |
| TOP OF THE 4TH |
|
Punta Cana Cocos batting - Pitching for Mazatlan Playas : RHP Chris Whitt
|
|
Batting: RHB Randy Lavigne
|
0-0: Ball 1-0: Reached on error, E6 (Groundball, 6, EV 75.0 MPH)
|
|
Batting: LHB Mark Salas
|
0-0: Called Strike Randy Lavigne steals 2nd base 0-1: Ball 1-1: Ball 2-1: Swinging Strike 2-2: Ball 3-2: Base on Balls
|
|
Batting: RHB Kevin Jacobson
|
0-0: Called Strike 0-1: Ball 1-1: Ball 2-1: Foul Ball, location: 2F 2-2: Ball 3-2: Strikes out swinging
|
|
Batting: LHB Dan Williams
|
0-0: Called Strike 0-1: Foul Ball, location: 2F 0-2: Ball 1-2: Fly out, F7 (Flyball, 78D, EV 78.8 MPH)
|
|
Batting: RHB Jose Flores
|
0-0: Ball 1-0: Ball 2-0: Ball 3-0: Called Strike 3-1: Ground out 3-1 (Groundball, 34, EV 93.1 MPH)
|
| Top of the 4th over - 0 runs, 0 hits, 1 error, 2 left on base; Punta Cana 1 - Mazatlan 2 |
| BOTTOM OF THE 4TH |
|
Mazatlan Playas batting - Pitching for Punta Cana Cocos : LHP Bryan Hardy
|
|
Batting: LHB Matt Winters
|
0-0: Ball 1-0: Foul Ball, location: 2F 1-1: Swinging Strike 1-2: Ball 2-2: Strikes out swinging
|
|
Batting: RHB John Freitas
|
0-0: Ball 1-0: Ball 2-0: Called Strike 2-1: Ground out U3 (Groundball, 34S, EV 62.5 MPH)
|
|
Batting: RHB Talmadge Tanks
|
0-0: Ball 1-0: Called Strike 1-1: Ball 2-1: Swinging Strike 2-2: Fly out, F9 (Flyball, 89M, EV 88.8 MPH)
|
| Bottom of the 4th over - 0 runs, 0 hits, 0 errors, 0 left on base; Punta Cana 1 - Mazatlan 2 |
| TOP OF THE 5TH |
|
Punta Cana Cocos batting - Pitching for Mazatlan Playas : RHP Chris Whitt
|
|
Batting: RHB Andreas Schardt
|
0-0: Called Strike 0-1: Fly out, F4 (Popup, 4, EV 66.3 MPH)
|
|
Batting: RHB Douglas Stokke
|
0-0: Ground out 6-3 (Groundball, 6S, EV 70.0 MPH)
|
|
Batting: LHB Dan Murphy
|
0-0: Called Strike 0-1: Ball 1-1: Swinging Strike 1-2: Strikes out swinging
|
| Top of the 5th over - 0 runs, 0 hits, 0 errors, 0 left on base; Punta Cana 1 - Mazatlan 2 |
| BOTTOM OF THE 5TH |
|
Mazatlan Playas batting - Pitching for Punta Cana Cocos : LHP Bryan Hardy
|
|
Batting: RHB John Lickert
|
0-0: Ball 1-0: Called Strike 1-1: Ball 2-1: Ball 3-1: Foul Ball, location: 2F 3-2: Ground out 5-3 (Groundball, 56, EV 108.1 MPH)
|
|
Batting: RHB Terrence Nocera
|
0-0: Called Strike 0-1: Foul Ball, location: 2F 0-2: Ball 1-2: Ball 2-2: SINGLE (Groundball, 56D, EV 111.9 MPH)
|
|
Batting: LHB Dan Rohn
|
0-0: Reached on error, E1 (Groundball, 13, EV 91.9 MPH) Terrence Nocera to second
|
|
Batting: LHB Brent Hillenga
|
0-0: Foul Ball, location: 2F 0-1: Ball 1-1: Foul Ball, location: 2F 1-2: Ball 2-2: Ball 3-2: Fielders Choice at 2nd, 6-4 (Groundball, 6, EV 88.1 MPH) Terrence Nocera to third
|
|
Batting: SHB Tony Fernandez
|
0-0: Ball 1-0: Foul Ball, location: 2F 1-1: Ball 2-1: Ball 3-1: Base on Balls Brent Hillenga to second
|
|
Batting: RHB Robert Potts
|
0-0: Ball 1-0: Swinging Strike 1-1: Ball 2-1: Foul Ball, location: 2F 2-2: Fielders Choice at 2nd, 6-4 (Groundball, 56, EV 96.9 MPH)
|
| Bottom of the 5th over - 0 runs, 1 hit, 1 error, 3 left on base; Punta Cana 1 - Mazatlan 2 |
| TOP OF THE 6TH |
|
Punta Cana Cocos batting - Pitching for Mazatlan Playas : RHP Chris Whitt
|
|
Batting: RHB Tom Tostenson
|
0-0: Called Strike 0-1: Ball 1-1: Called Strike 1-2: SINGLE (Groundball, 4D, EV 104.4 MPH)
|
|
Batting: RHB Randy Lavigne
|
0-0: Ball 1-0: Called Strike 1-1: Ball Tom Tostenson is caught stealing 2nd base 2-4 2-1: Ball 3-1: Base on Balls
|
|
Batting: LHB Mark Salas
|
0-0: Called Strike 0-1: Foul Ball, location: 2F 0-2: Ball 1-2: Ball 2-2: Foul Ball, location: 2F 2-2: Grounds into double play, 1-4-3 (Groundball, 25, EV 85.0 MPH)
|
| Top of the 6th over - 0 runs, 1 hit, 0 errors, 0 left on base; Punta Cana 1 - Mazatlan 2 |
| BOTTOM OF THE 6TH |
|
Mazatlan Playas batting - Pitching for Punta Cana Cocos : LHP Bryan Hardy
|
|
Batting: LHB Matt Winters
|
0-0: Ball 1-0: SINGLE (Groundball, 34D, EV 107.5 MPH)
|
|
Batting: RHB John Freitas
|
0-0: Ball 1-0: Fly out, F7 (Flyball, 7LSF, EV 76.3 MPH)
|
|
Batting: RHB Talmadge Tanks
|
0-0: Called Strike 0-1: Ball 1-1: Hit by Pitch Matt Winters to second
|
|
Batting: RHB John Lickert
|
0-0: Grounds into double play, 2-4-3 (Groundball, 2L, EV 69.4 MPH)
|
| Bottom of the 6th over - 0 runs, 1 hit, 0 errors, 1 left on base; Punta Cana 1 - Mazatlan 2 |
| TOP OF THE 7TH |
|
Punta Cana Cocos batting - Pitching for Mazatlan Playas : RHP Chris Whitt
|
|
Batting: RHB Kevin Jacobson
|
0-0: Ball 1-0: SINGLE (Groundball, 6MD, EV 111.3 MPH)
|
|
Batting: LHB Dan Williams
|
0-0: Ball 1-0: Called Strike 1-1: Fly out, F8 (Flyball, 8LD, EV 106.3 MPH)
|
|
Pinch Hitting: LHB Thomas Dorsey
|
0-0: Ball 1-0: Called Strike 1-1: Fly out, F8 (Line Drive, 8LM, EV 86.9 MPH)
|
|
Pinch Hitting: LHB Dell Alston
|
0-0: Swinging Strike 0-1: Fly out, F8 (Flyball, 89M, EV 76.9 MPH)
|
| Top of the 7th over - 0 runs, 1 hit, 0 errors, 1 left on base; Punta Cana 1 - Mazatlan 2 |
| BOTTOM OF THE 7TH |
|
Mazatlan Playas batting - Pitching for Punta Cana Cocos : LHP Bryan Hardy
|
|
Now at 1B: Jerry Poston
|
|
|
Now at 2B: Dell Alston
|
|
|
Batting: RHB Terrence Nocera
|
0-0: Ball 1-0: Foul Ball, location: 2F 1-1: Called Strike 1-2: Foul Ball, location: 2F 1-2: Fly out, F9 (Flyball, 9S, EV 81.3 MPH)
|
|
Batting: LHB Dan Rohn
|
0-0: Ball 1-0: Called Strike 1-1: Swinging Strike 1-2: Ball 2-2: Ball 3-2: Foul Ball, location: 2F 3-2: Base on Balls
|
|
Batting: LHB Brent Hillenga
|
0-0: Fielders Choice at 2nd, 6-4 (Groundball, 6, EV 100.0 MPH)
|
|
Batting: SHB Tony Fernandez
|
0-0: Called Strike 0-1: Foul Ball, location: 2F 0-2: Ground out 6-3 (Groundball, 6, EV 83.8 MPH)
|
| Bottom of the 7th over - 0 runs, 0 hits, 0 errors, 1 left on base; Punta Cana 1 - Mazatlan 2 |
| TOP OF THE 8TH |
|
Punta Cana Cocos batting - Pitching for Mazatlan Playas : RHP Chris Whitt
|
|
Batting: RHB Douglas Stokke
|
0-0: Ball 1-0: Foul Ball, location: 2F 1-1: Ball 2-1: SINGLE (Groundball, 6D, EV 98.1 MPH)
|
|
Pinch Runner at 1st Donald LeJohn:
|
|
|
Batting: LHB Dan Murphy
|
0-0: Called Strike 0-1: Ball 1-1: Ball 2-1: Foul Ball, location: 2F 2-2: Foul Ball, location: 2F 2-2: SINGLE (Groundball, 34D, EV 109.4 MPH) Donald LeJohn to second Runner from 2nd tries for 3rd, OUT! 9-5
|
|
Batting: RHB Tom Tostenson
|
0-0: Ball 1-0: Ball 2-0: Ball Dan Murphy steals 2nd base (no throw) 3-0: Called Strike 3-1: 2-RUN HOME RUN (Flyball, 9D, EV 105.0 MPH), Distance : 377 ft
|
|
Pitching: RHP Phillip McCollough
|
|
|
Batting: RHB Randy Lavigne
|
0-0: Ball 1-0: Ground out 6-3 (Groundball, 6, EV 84.4 MPH)
|
|
Batting: LHB Mark Salas
|
0-0: Ball 1-0: Ball 2-0: Fly out, F9 (Flyball, 9, EV 83.8 MPH)
|
| Top of the 8th over - 2 runs, 3 hits, 0 errors, 0 left on base; Punta Cana 3 - Mazatlan 2 |
| BOTTOM OF THE 8TH |
|
Mazatlan Playas batting - Pitching for Punta Cana Cocos : LHP Bryan Hardy
|
|
Now at SS: Donald LeJohn
|
|
|
Batting: RHB Robert Potts
|
0-0: Ball 1-0: Ground out 4-3 (Groundball, 4, EV 95.0 MPH)
|
|
Batting: LHB Matt Winters
|
0-0: Ball 1-0: Called Strike 1-1: Ball 2-1: Called Strike 2-2: Ground out 4-3 (Groundball, 4M, EV 88.1 MPH)
|
|
Batting: RHB John Freitas
|
0-0: Called Strike 0-1: Foul Ball, location: 2F 0-2: Ball 1-2: Ball 2-2: Fly out, F9 (Flyball, 89S, EV 80.6 MPH)
|
| Bottom of the 8th over - 0 runs, 0 hits, 0 errors, 0 left on base; Punta Cana 3 - Mazatlan 2 |
| TOP OF THE 9TH |
|
Punta Cana Cocos batting - Pitching for Mazatlan Playas : RHP Phillip McCollough
|
|
Batting: RHB Kevin Jacobson
|
0-0: Ball 1-0: Ball 2-0: Ball 3-0: Called Strike 3-1: Single, Error in OF, E8, batter to second base (Line Drive, 6MD, EV 104.4 MPH)
|
|
Batting: LHB Dan Williams
|
0-0: Intentional Walk
|
|
Batting: RHB Jerry Poston
|
0-0: Called Strike 0-1: Ball 1-1: Foul Ball, location: 2F 1-2: Grounds into double play, 4-6-3 (Groundball, 4, EV 100.6 MPH) Kevin Jacobson to third
|
|
Batting: LHB Dell Alston
|
0-0: Intentional Walk
|
|
Batting: LHB Donald LeJohn
|
0-0: Ball 1-0: Ball 2-0: Ball 3-0: Called Strike 3-1: SINGLE (Flyball, 78S, EV 91.9 MPH) Kevin Jacobson scores Dell Alston to second Runner from 2nd tries for 3rd, SAFE, no throw by LF
|
|
Batting: LHB Dan Murphy
|
0-0: Fly out, F8 (Flyball, 8RM, EV 86.9 MPH)
|
| Top of the 9th over - 1 run, 2 hits, 1 error, 2 left on base; Punta Cana 4 - Mazatlan 2 |
| BOTTOM OF THE 9TH |
|
Mazatlan Playas batting - Pitching for Punta Cana Cocos : LHP Bryan Hardy
|
|
Pitching: RHP Nicolas Decena
|
|
|
Batting: RHB Talmadge Tanks
|
0-0: Ball 1-0: Ball 2-0: Ball 3-0: Called Strike 3-1: Called Strike 3-2: Strikes out looking
|
|
Batting: RHB John Lickert
|
0-0: Called Strike 0-1: Foul Ball, location: 2F 0-2: Foul Ball, location: 2F 0-2: SINGLE (Flyball, 89S, EV 90.6 MPH)
|
|
Pinch Hitting: LHB Rusty McNealy
|
0-0: Swinging Strike 0-1: Ball 1-1: Foul Ball, location: 2F 1-2: Foul Ball, location: 2F 1-2: Reached on error, E6 (Groundball, 6, EV 78.8 MPH) John Lickert to second
|
|
Pinch Runner at 2nd Scott Carnes:
|
|
|
Batting: LHB Dan Rohn
|
0-0: Ball 1-0: Ball 2-0: Ball 3-0: Called Strike 3-1: Base on Balls Scott Carnes to third Rusty McNealy to second
|
|
Pitching: LHP Clifford Faust
|
|
|
Batting: LHB Brent Hillenga
|
0-0: Called Strike 0-1: Swinging Strike 0-2: Strikes out swinging
|
|
Batting: SHB Tony Fernandez
|
0-0: Called Strike 0-1: Swinging Strike 0-2: Strikes out swinging
|
| Bottom of the 9th over - 0 runs, 1 hit, 1 error, 3 left on base; Punta Cana 4 - Mazatlan 2 |
|